 Dungeon Crawl Stone Soup version 0.28-a0-265-g048bc9fd10 (webtiles) character file.

Game seed: 15113211529659603068

287 Ankalagon the Twirler (level 6, -4/56 HPs)
             Began as a Naga Gladiator on Aug 27, 2021.
             Slain by a kobold brigand (10 damage)
             ... in a sewer.
             The game lasted 00:06:58 (3729 turns).

Ankalagon the Twirler (Naga Gladiator)              Turns: 3729, Time: 00:06:58

Health: -4/56      AC:  4    Str: 16    XL:     6   Next: 30%
Magic:  6/6        EV: 10    Int:  8    God:
Gold:   99         SH:  0    Dex: 15    Spells: 5/5 levels left

rFire   . . .      SeeInvis +   a - +0 quarterstaff
rCold   . . .      Faith    .   (shield currently unavailable)
rNeg    . . .      Spirit   .   b - +0 leather armour
rPois   +          Reflect  .   c - +0 helmet
rElec   .          Harm     .   (no cloak)
rCorr   .          Rampage  .   (no gloves)
Will    .....                   (no barding)
Stlth   +.........              (no amulet)
HPRegen 0.18/turn               q - ring of flight
MPRegen 0.10/turn               (no ring)

@: short of breath, flying, very slightly contaminated, slowed, invisible, very
slow
A: AC +2, large, see invisible, deformed body, poison resistance, slowness 2,
spit poison 1, naga tail 1
a: Spit Poison


You were in a sewer.
You visited 1 branch of the dungeon, and saw 4 of its levels.
You also visited: Sewer.

You collected 99 gold pieces.

Inventory:

Hand Weapons
 a - a +0 quarterstaff (weapon)
Missiles
 d - 3 throwing nets
 f - 3 boomerangs of dispersal
 j - 18 arrows
 u - 7 poisoned darts
Armour
 b - a +0 leather armour (worn)
 c - a +0 helmet (worn)
Magical Staves
 l - a staff of cold
 m - a staff of fire
Jewellery
 q - a ring of flight (left hand)
Scrolls
 e - a scroll of identify
 h - a scroll of teleportation {unknown}
 o - a scroll of summoning
 p - a scroll of magic mapping {unknown}
 r - a scroll of enchant armour {unknown}
 s - a scroll of amnesia {unknown}
Potions
 i - a potion of brilliance {unknown}
 k - a potion of mutation {unknown}
 t - a potion of attraction


   Skills:
 - Level 3.2 Fighting
 + Level 5.1 Staves
 - Level 2.9 Throwing
 - Level 3.2 Dodging


You had 5 spell levels left.
You didn't know any spells.
Your spell library contained the following spells:

 Spells                   Type           Power      Damage    Failure   Level
 Dazzling Flash           Conj/Hex       0%         N/A       85%         3
 Stone Arrow              Conj/Erth      0%         3d7       85%         3
 Animate Armour           Summ/Erth      0%         N/A       99%         4
 Agony                    Necr           0%         N/A       100%        5
 Silence                  Hex/Air        0%         N/A       100%        5
 Lehudib's Crystal Spear  Conj/Erth      0%         10d2      100%        8


Dungeon Overview and Level Annotations

Branches:
Dungeon (4/15)              Sewer (1/1)
 Temple: D:4-7

Altars:
Elyvilon

Shops:
D:2 [


Innate Abilities, Weirdness & Mutations

Your serpentine skin is tough. (AC +2)
You have supernaturally acute eyesight. (SInv)
Armour fits poorly on your strangely shaped body.
Your system is resistant to poisons. (rPois)
You cover ground very slowly.
You can spit poison.
You have a snake-like lower body.


Message History

You hit the kobold brigand.
The kobold brigand is moderately wounded.
The kobold brigand barely misses you.
Abil: Spit Poison
Press: ? - help, Q - select action, (/) - cycle Shift-Dir - straight line, f/p - kobold brigand
Aim: a kobold brigand, wielding a +0 short sword and quivering curare-tipped darts (moderately wounded)
The splash of poison misses the kobold brigand.
The kobold brigand splashes around in the water.
The kobold brigand hits you with a +0 short sword!
* * * LOW HITPOINT WARNING * * *
Okay, then.
Unknown command.
It was a potion of invisibility.
You fade into invisibility!
The kobold brigand misses you.
You are very lightly contaminated with residual magic.
Okay, then.
Unknown command.
You hit the kobold brigand but do no damage.
The kobold brigand is moderately wounded.
You have got your breath back.
The kobold brigand barely misses you. The kobold brigand closely misses you.
You catch the helpless kobold brigand completely off-guard!
You hit the kobold brigand but do no damage.
The kobold brigand is moderately wounded.
Abil: Spit Poison
Press: ? - help, Q - select action, (/) - cycle Shift-Dir - straight line, f/p - kobold brigand
Aim: a kobold brigand, wielding a +0 short sword and quivering curare-tipped darts (moderately wounded)
The splash of poison hits the kobold brigand!
The kobold brigand is severely wounded.
The kobold brigand barely misses you.
You barely miss the kobold brigand.
The kobold brigand is severely wounded.
The kobold brigand closely misses you.
The kobold brigand hits you with a +0 short sword.
* * * LOW HITPOINT WARNING * * *
You hit the kobold brigand but do no damage.
The kobold brigand is severely wounded.
The kobold brigand hits you with a +0 short sword!
You die...

#.≈≈≈≈≈≈≈≈####≈.≈.≈.≈###≈≈
≈≈.≈≈.≈≈.≈.≈########≈.).÷#
≈..#####..≈..# #####≈≈ ..
##....# ### . ##.≈≈# #.≈.#
#≈≈.# ##≈≈≈## #@K..≈#
#≈###≈# #≈# #.# #≈###.##
≈≈≈#≈≈≈# ≈#≈#≈#≈# #≈
≈#)#≈# #≈ ≈#≈#≈# #. ?#.#.#


You could see a kobold brigand.

Vanquished Creatures
  An ogre (D:3)
  A kobold brigand (Sewer)
  An orc wizard (D:3)
  2 adders (D:4)
  3 worms
  A dart slug (D:4)
  3 orcs (D:3)
  9 ball pythons
  6 bats
  4 endoplasms
  6 giant cockroaches
  4 goblins
  9 hobgoblins
  2 jackals (D:1)
  2 quokkas
  4 frilled lizards
  10 kobolds
  6 rats
74 creatures vanquished.

Notes
Turn   | Place    | Note
-------+----------+-------------------------------------------
     0 | D:1      | Ankalagon the Naga Gladiator began the quest for the Orb.
     0 | D:1      | Reached XP level 1. HP: 19/19 MP: 1/1
   160 | D:1      | Reached XP level 2. HP: 26/26 MP: 2/2
   594 | D:1      | Reached XP level 3. HP: 33/33 MP: 3/3
   693 | D:1      | Found a faded altar of an unknown god.
  1309 | D:2      | Found a white marble altar of Elyvilon.
  1598 | D:2      | Found Ziel's Armour Emporium.
  2140 | D:3      | Reached XP level 4. HP: 28/40 MP: 4/4
  2360 | D:3      | Noticed an ogre
  2378 | D:3      | Killed an ogre
  2379 | D:3      | Reached XP level 5. HP: 31/49 MP: 5/5
  2401 | D:3      | Reached skill level 4 in Staves
  3158 | D:4      | Found a glowing drain.
  3185 | Sewer    | Entered a sewer
  3382 | Sewer    | Noticed a kobold brigand
  3405 | Sewer    | Killed a kobold brigand
  3406 | Sewer    | Reached skill level 5 in Staves
  3406 | Sewer    | Reached XP level 6. HP: 13/56 MP: 6/6
  3729 | Sewer    | Slain by a kobold brigand

Illustrated notes

Levels and vault maps discovered:
D:1:      shiori_arrival_oz, layout_basic, shapermc_ecumenical_altar_notcrosses,
          item_on_display_b
D:2:      layout_basic, serial_shops, nicolae_square_shop, basic_altar,
          hex_large
D:3:      layout_basic
D:4:      layout_basic, nicolae_kikubaaqudgha_miasma_corner, lemuel_round_altar,
          gup_sewer_entry_glass
Sewer:    sewer_co_tree

Skill      XL: |  1  2  3  4  5 |
---------------+----------------+-----
Throwing       | 2 |  2.9
Dodging        | 3 |  3.2
Fighting       | 3 |  3.2
Staves         | 5 |  5.1

Action                   |  1- 3 |  4- 6 || total
-------------------------+-------+-------++-------
Melee: Quarterstaff      |   126 |    71 ||   197
 Abil: Spit Poison       |    24 |    25 ||    49
  Use: Scroll            |       |     3 ||     3
       Potion            |       |     2 ||     2
 Stab: Sleeping          |       |     1 ||     1
       Invisible         |       |     1 ||     1
Armor: Leather armour    |    36 |    14 ||    50
Dodge: Dodged            |    89 |    31 ||   120

Table legend: (Time is in decaauts)
 A = Elapsed time spent in this place.
 B = Non-inter-level travel time spent in this place.
 C = Inter-level travel time spent in this place.
 D = Time resting spent in this place.
 E = Time spent auto-exploring this place.
 F = Levels seen in this place.
 G = Mean time per level.
                   A        B        C        D        E       F      G
               +--------+--------+--------+--------+--------+-----+--------+
         Total |   4507 |   4344 |    163 |    712 |   2711 |   5 |  901.4 |
       Dungeon |   3892 |   3729 |    163 |    476 |   2463 |   4 |  973.0 |
         Sewer |    614 |    614 |      0 |    236 |    248 |   1 |  614.0 |
               +--------+--------+--------+--------+--------+-----+--------+

Top non-repeatable levels by time:
     D:2: 1283 daAuts
     D:1: 1204 daAuts
     D:3: 1050 daAuts
   Sewer: 614 daAuts
     D:4: 353 daAuts
